 Dungeon Crawl Stone Soup version 0.28-a0-683-ga8797d1ae1 (webtiles) character file.

Game seed: 2892020555300049183

1031 lunkers the Magician (level 8, -1/61 HPs)
             Began as a Djinni Cinder Acolyte on Oct 15, 2021.
             Was a High Priest of Ignis.
             Slain by a yak (8 damage)
             ... on level 6 of the Dungeon on Oct 18, 2021.
             The game lasted 00:09:04 (6192 turns).

lunkers the Magician (Djinni Cinder Acolyte)        Turns: 6192, Time: 00:09:05

Health: -1/61      AC:  3    Str: 13    XL:     8   Next: 47%
Gold:   164        EV: 11    Int: 18    God:    Ignis [*****.] SH:  0 Dex:  9

rFire   + + +      SeeInvis .   l - +1 short sword (flame)
rCold   x . .      Faith    .   (no shield)
rNeg    . . .      Spirit   .   b - +0 robe
rPois   ∞          Reflect  .   (no helmet)
rElec   .          Harm     .   (no cloak)
rCorr   .          Rampage  .   o - +0 pair of gloves
Will    .....                   (boots unavailable)
Stlth   +.........              (no amulet)
HPRegen 0.20/turn               (no ring)
MPRegen 0.00/turn               (no ring)

@: flying
A: sickness immunity, fire resistance 2, cold vulnerability 1, float, innate
caster, hp casting, extra vitality 1
a: Renounce Religion, Sea of Fire, Foxfire Swarm, Rising Flame


You were on level 6 of the Dungeon.
You worshipped Ignis.
Ignis was extremely pleased with you.
You visited 1 branch of the dungeon, and saw 6 of its levels.

You collected 164 gold pieces.

Inventory:

Hand Weapons
 a - a -1 falchion of flaming
 l - a +1 short sword of flaming (weapon)
 C - a +2 spear of freezing
Missiles
 n - 3 throwing nets
Armour
 b - a +0 robe (worn)
 g - the +1 leather armour of Loidghye {*Corrode Fly Str+5 Stlth+}
   (You found it on level 4 of the Dungeon)

   Str:       It affects your strength (+5).
   Fly:       It grants you flight.
   *Corrode:  It may corrode you when you take damage.
   Stlth:     It makes you more stealthy.
 i - a +0 kite shield
 o - a +0 pair of gloves (worn)
Jewellery
 t - a ring of fire
Wands
 h - a wand of polymorph (5)
 v - a wand of flame (34)
Scrolls
 c - 7 scrolls of identify {unknown}
 d - 2 scrolls of fear {unknown}
 f - a scroll of enchant armour {unknown}
 k - a scroll of blinking {unknown}
 m - 3 scrolls of teleportation {unknown}
 p - a scroll of acquirement {unknown}
 q - a scroll of magic mapping {unknown}
 r - 2 scrolls of enchant weapon {unknown}
 x - a scroll of amnesia {unknown}
 y - a scroll of noise {unknown}
 B - a scroll of torment {unknown}
Potions
 e - 4 potions of curing {unknown}
 j - a potion of berserk rage {unknown}
 s - a potion of haste {unknown}
 u - a potion of degeneration {unknown}
 w - a potion of mutation {unknown}
 z - a potion of heal wounds {unknown}
 A - a potion of lignification {unknown}


   Skills:
 + Level 6.1 Fighting
 - Level 2.6 Long Blades
 * Level 6.3 Spellcasting


You had 12 spell levels left.
You knew the following spells:

 Your Spells              Type           Power      Damage    Failure   Level
a - Foxfire               Conj/Fire      100%       2x1d9     1%          1
b - Searing Ray           Conj           56%        2d6       1%          2
c - Static Discharge      Conj/Air       28%        N/A       1%          2
p - Scorch                Fire           56%        2d8       1%          2
Your spell library was empty.

Dungeon Overview and Level Annotations

Branches:
Dungeon (6/15)
 Temple: D:4-7

Altars:
Gozag
Beogh

Annotations:
D:5 3 runed translucent doors, Deeps's ghost, novice HOFi


Innate Abilities, Weirdness & Mutations

You are immune to sickness and miasma.
You are immune to poison.
Your flesh is very heat resistant. (rF++)
You are vulnerable to cold. (rC-)
You float through the air rather than walking.
You learn spells naturally, not from books.
Your magical power is your life essence.
You have superior vitality. (+4 HP)


Message History

The orc wizard is heavily wounded.
The searing ray hits the yak.
The yak is heavily wounded. (Press . to maintain the ray.)
The yak gores you!
* * * LOW HITPOINT WARNING * * *
The searing ray hits the yak.
The yak is heavily wounded.
The searing ray hits the yak!
The yak is severely wounded.
The searing ray misses the orc wizard.
The searing ray misses the yak.
* * * LOW HITPOINT WARNING * * *
The orc wizard gestures wildly while chanting.
The orc wizard flickers and vanishes!
Deactivating autopickup; reactivate with Ctrl-A.
The yak gores you.
* * * LOW HITPOINT WARNING * * *
Unknown command.
Unknown command.
The searing ray hits the yak.
The yak is heavily wounded.
The searing ray hits the yak.
The yak is severely wounded.
The searing ray hits the yak!
The yak is almost dead.
* * * LOW HITPOINT WARNING * * *
The yak gores you!
* * * LOW HITPOINT WARNING * * *
Unknown command.
Unknown command.
The searing ray hits the yak.
The yak is severely wounded.
The searing ray hits the yak but does no damage.
The yak is severely wounded.
The searing ray hits something.
The searing ray hits the yak.
The yak is almost dead.
* * * LOW HITPOINT WARNING * * *
You finish channelling your searing ray.
The yak gores you!
You die... #........ #....... #....$. ..FY.
YYY

#{# #Y#
#Y# #@####
#....#
####.# #.#
#.# #)#
#.#
#.########
#........#


You could see 6 yaks and a bullfrog.

Vanquished Creatures
  A sky beast (D:5)
  A centaur (D:5)
  A phantom (D:5)
  A bullfrog (D:4)
  3 scorpions
  A bullfrog zombie (D:5)
  4 hounds
  A bullfrog skeleton (D:4)
  Terence (D:3)
  Natasha (thrice) (D:2)
  3 iguanas (D:5)
  A scorpion zombie (D:5)
  4 gnolls
  6 adders
  An adder skeleton (D:2)
  2 dart slugs (D:2)
  2 orcs
  4 bats
  6 endoplasms
  3 giant cockroaches
  7 goblins
  12 hobgoblins
  2 jackals (D:2)
  2 quokkas (D:4)
  4 ball pythons
  2 frilled lizards
  4 kobolds
82 creatures vanquished.

Vanquished Creatures (others)
  8 foxfires (D:3)
8 creatures vanquished.

Grand Total: 90 creatures vanquished

Notes
Turn   | Place    | Note
-------+----------+-------------------------------------------
     0 | D:1      | lunkers the Djinni Cinder Acolyte began the quest for the
                  | Orb.
     0 | D:1      | Reached XP level 1. HP: 20/20 MP: 0/0
   196 | D:1      | Found a faded altar of an unknown god.
   528 | D:1      | Reached XP level 2. HP: 22/25 MP: 0/0
   583 | D:1      | Upgraded the game from 0.28-a0-664-gc179e30c89 to
                  | 0.28-a0-683-ga8797d1ae1
   829 | D:2      | You are sucked into a shaft and drop 2 floors!
   937 | D:4      | Identified the +1 leather armour of Loidghye {*Corrode Fly
                  | Str+5 Stlth+}
  1408 | D:3      | Reached XP level 3. HP: 17/30 MP: 0/0
  1408 | D:3      | Learned a level 1 spell: Foxfire
  1766 | D:3      | Noticed Terence
  1773 | D:3      | Killed Terence
  1774 | D:3      | Reached XP level 4. HP: 25/36 MP: 0/0
  1873 | D:3      | Found an opulent altar of Gozag.
  2887 | D:2      | Reached XP level 5. HP: 39/41 MP: 0/0
  2887 | D:2      | Learned a level 2 spell: Searing Ray
  3047 | D:2      | Noticed Natasha
  3050 | D:2      | Killed Natasha
  3498 | D:2      | Noticed Natasha
  3502 | D:2      | Killed Natasha
  3564 | D:2      | Noticed Natasha
  3570 | D:2      | Killed Natasha
  3571 | D:2      | Reached XP level 6. HP: 37/48 MP: 0/0
  4249 | D:4      | Reached XP level 7. HP: 47/53 MP: 0/0
  4249 | D:4      | Learned a level 2 spell: Static Discharge
  4385 | D:5      | Entered Level 5 of the Dungeon
  4389 | D:5      | Reached skill level 5 in Spellcasting
  4447 | D:5      | Reached skill level 5 in Fighting
  5112 | D:5      | Reached XP level 8. HP: 26/60 MP: 0/0
  5675 | D:5      | Found a runed translucent gate.
  5675 | D:5      | Noticed Deeps's ghost (novice HOFi)
  5676 | D:5      | Found a runed translucent gate.
  5677 | D:5      | Found a runed translucent gate.
  6164 | D:6      | Identified the +6 short sword of Kindness {freeze, *Slow
                  | rPois rC- Str+4 Dex+5}
  6179 | D:6      | Noticed a yak
  6179 | D:6      | Noticed a yak
  6179 | D:6      | Noticed a yak
  6179 | D:6      | Noticed a yak
  6181 | D:6      | Noticed a yak
  6181 | D:6      | Noticed a yak
  6192 | D:6      | Slain by a yak

Illustrated notes

Levels and vault maps discovered:
D:1:      lightli_arrival_quake, layout_basic,
          shapermc_ecumenical_altar_mp_vishouse, minivault_24
D:2:      minmay_spotlight, layout_loops_ring, uniq_natasha
D:3:      layout_loops_ring, lemuel_tele_altar, kennysheep_generic_room_13,
          uniq_terence
D:4:      layout_basic, kennysheep_small_square
D:5:      layout_basic, biasface_ghost_orc_armoury
D:6:      layout_basic

Skill      XL: |  1  2  3  4  5  6  7  8 |
---------------+-------------------------+-----
Spellcasting   | 3 4 5 6 |  6.3
Fighting       | 4 5 6 |  6.1
Long Blades    | |  2.6

Action                   |  1- 3 |  4- 6 |  7- 9 || total
-------------------------+-------+-------+-------++-------
Melee: Falchion          |     8 |       |       ||     8
 Cast: Scorch            |    27 |    72 |    57 ||   156
       Foxfire           |     4 |       |       ||     4
       Searing Ray       |       |     1 |     2 ||     3
       Static Discharge  |       |       |     1 ||     1
 Stab: Sleeping          |     1 |       |       ||     1
Armor: Robe              |     2 |     7 |     3 ||    12
Dodge: Dodged            |    12 |    13 |    26 ||    51

Table legend: (Time is in decaauts)
 A = Elapsed time spent in this place.
 B = Non-inter-level travel time spent in this place.
 C = Inter-level travel time spent in this place.
 D = Time resting spent in this place.
 E = Time spent auto-exploring this place.
 F = Levels seen in this place.
 G = Mean time per level.
                   A        B        C        D        E       F      G
               +--------+--------+--------+--------+--------+-----+--------+
         Total |   6199 |   6034 |    165 |    402 |   5105 |   6 | 1033.2 |
       Dungeon |   6199 |   6034 |    165 |    402 |   5105 |   6 | 1033.2 |
               +--------+--------+--------+--------+--------+-----+--------+

Top non-repeatable levels by time:
     D:2: 1579 daAuts
     D:5: 1532 daAuts
     D:4: 1357 daAuts
     D:3: 1072 daAuts
     D:1: 605 daAuts
     D:6: 51 daAuts
